 Dungeon Crawl Stone Soup version 0.19-a0-1206-g6bcb79c (webtiles) character file.

323 George the Slasher (level 6, -4/47 HPs)
             Began as a Formicid Fighter on Aug 21, 2016.
             Slain by an ogre
             ... wielding a +0 giant club
              (19 damage)
             ... on level 4 of the Dungeon.
             The game lasted 00:04:50 (3696 turns).

George the Slasher (Formicid Fighter)               Turns: 3696, Time: 00:04:50

Health: -4/47      AC: 10    Str: 23    XL:     6   Next: 77%
Magic:  6/6        EV:  3    Int:  7    God:
Gold:   165        SH:  8    Dex: 10    Spells: 0 memorised, 5 levels left

rFire  . . .     SeeInvis +     a - +0 long sword
rCold  . . .     Gourm    .     r - +0 plate armour
rNeg   . . .     Faith    .     c - +0 shield
rPois  .         Spirit   .     (helmet unavailable)
rElec  .         Dismiss  .     (no cloak)
rCorr  +         Reflect  .     (no gloves)
MR     .....     Harm     .     (no boots)
Stlth  ..........               (no amulet)
                                (no ring)
                                h - ring of resist corrosion

@: very heavily drained
A: permanent stasis, dig shafts and tunnels, four strong arms, antennae 3
a: Dig, Shaft Self


You were on level 4 of the Dungeon.
You were very hungry.

You visited 1 branch of the dungeon, and saw 4 of its levels.

You collected 165 gold pieces.

Inventory:

Hand Weapons
 a - a +0 long sword (weapon)
Armour
 c - a +0 shield (worn)
 r - a +0 plate armour (worn)
Jewellery
 h - a ring of resist corrosion (left hand)
Scrolls
 e - 6 scrolls of identify {unknown}
 g - a scroll of immolation {unknown}
 j - a scroll of enchant weapon {unknown}
 k - 2 scrolls of teleportation {unknown}
 m - 2 scrolls of blinking {unknown}
 p - 3 scrolls of remove curse {unknown}
 u - a scroll of magic mapping {unknown}
Potions
 b - 2 potions of beneficial mutation {unknown}
 d - a potion of might
 l - a potion of haste {unknown}
 q - a potion of brilliance {unknown}
 s - 2 potions of agility {unknown}
 t - a potion of invisibility {unknown}
 v - a potion of degeneration {unknown}
 w - 3 potions of curing {unknown}
 z - a potion of resistance {unknown}
Comestibles
 f - 2 bread rations
 i - 8 fruits
 n - 2 meat rations
 o - a beef jerky
 x - a slice of pizza


   Skills:
 - Level 3.2(0.5) Fighting
 + Level 6.6(3.6) Long Blades
 - Level 3.2(0.5) Armour
 - Level 3.6(0.8) Shields


You had 5 spell levels left.
You didn't know any spells.

Dungeon Overview and Level Annotations

Branches:
Dungeon (4/15)
 Temple: D:4-7

Altars:
Kikubaaqudgha
Ru


Innate Abilities, Weirdness & Mutations

You are under a permanent stasis effect.
You can dig through walls and to a lower floor.
Your four strong arms can wield two-handed weapons with a shield.
You have a pair of large antennae on your head. (SInv)


Message History

The giant cockroach bites you.
You hit the ogre but do no damage.
The giant cockroach bites you but does no damage.
The ogre hits you with a giant club!
The orc wizard hits you but does no damage.
The giant cockroach bites you but does no damage.
You slash the ogre!
The ogre is moderately wounded.
The giant cockroach bites you but does no damage.
The orc wizard hits you but does no damage.
The ogre hits you with a giant club!!
* * * LOW HITPOINT WARNING * * *
The giant cockroach bites you but does no damage.
You block the orc wizard's attack.
The orc wizard gestures wildly while chanting.
The orc wizard flickers and vanishes for a moment.
You barely miss the ogre.
The ogre is moderately wounded.
The ogre hits you with a giant club!!
You die... ..#####.# ########.# ♣♣P .<.)....# ####.......# ♣PP

############### #..#.#####.# #..
.........).)..# #..#.....#.# #..
.#.##########.###......#.#.# #..
.#.# ########.....####.#.#.# ##.
.#+###.................#.#.# #.
.....#......############.#.### ##
.....#......##.O@..# #.....##
#....#......##s###.# #......#
...........###...#.# #......#
............{....#.# #......###
.#.###......o....#.# #....(....
##.# #...........#.# #.....####
...# #...........#.#####.........
.####..###.###...#..).)#......###
.......#.....#...#####.#.####.#..


You could see an ogre and a giant cockroach.

Vanquished Creatures
  2 orc wizards (D:4)
  2 hounds (D:4)
  Robin (D:4)
  10 adders
  2 oozes
  A worm (D:2)
  A giant gecko (D:3)
  5 orcs
  2 ball pythons (D:2)
  7 bats
  5 giant cockroaches
  15 goblins
  13 hobgoblins
  7 kobolds
  2 quokkas
  5 giant newts
  A quokka skeleton (D:4)
  11 rats
92 creatures vanquished.

Notes
Turn   | Place    | Note
-------+----------+-------------------------------------------
     0 | D:1      | George the Formicid Fighter began the quest for the Orb.
     0 | D:1      | Reached XP level 1. HP: 18/18 MP: 1/1
    17 | D:1      | Reached XP level 2. HP: 8/24 MP: 2/2
   391 | D:1      | Reached skill level 3 in Long Blades
   471 | D:1      | Reached XP level 3. HP: 29/29 MP: 3/3
   922 | D:2      | Found a faded altar of an unknown god.
   962 | D:2      | Reached skill level 4 in Long Blades
   962 | D:2      | Reached XP level 4. HP: 25/35 MP: 4/4
  1608 | D:2      | Reached XP level 5. HP: 26/41 MP: 5/5
  1873 | D:3      | Reached skill level 5 in Long Blades
  1986 | D:3      | Found a sacrificial altar of Ru.
  1986 | D:3      | Found an ancient bone altar of Kikubaaqudgha.
  2665 | D:4      | Noticed Robin
  2684 | D:4      | Reached XP level 6. HP: 42/47 MP: 6/6
  2710 | D:4      | Killed Robin
  2710 | D:4      | Reached skill level 6 in Long Blades
  3683 | D:4      | Noticed an ogre
  3696 | D:4      | Slain by an ogre

Vault maps used:
D:1:      minmay_arrival_pointy
D:2:      ecumenical_altar_2
D:3:      minitemple, nrook_mini_vaults, grunt_ministairs_10
D:4:      st_stairs_3, uniq_crazy_yiuf_cottage, uniq_robin

Skill      XL: |  1  2  3  4  5  6 |
---------------+-------------------+-----
Long Blades    | 3 4 5 6 |  6.6
Fighting       | |  3.2
Armour         | |  3.2
Shields        | |  3.6

Action                   |  1- 3 |  4- 6 || total
-------------------------+-------+-------++-------
Melee: Long sword        |   106 |   393 ||   499
 Abil: Dig               |     2 |     1 ||     3
  Eat: Chunk             |       |     8 ||     8
       Fruit             |       |     1 ||     1
Armor: Scale mail        |    41 |    49 ||    90
       Plate armour      |       |   174 ||   174
Dodge: Dodged            |    33 |    87 ||   120
Block: Shield            |    56 |   207 ||   263
